 Dungeon Crawl Stone Soup version 0.32-a0-42-ga30500b4d3 (webtiles) character file.

Game seed: 3789340612235801570

4547 Newt the Markskobold (level 10, -1/59 HPs)
             Began as a Kobold Hunter on Jan 28, 2024.
             Was a Believer of Hepliaklqana.
             Slain by a polar bear (13 damage)
             ... on level 8 of the Dungeon.
             The game lasted 00:07:51 (7442 turns).

Newt the Markskobold (Kobold Hunter)                Turns: 7442, Time: 00:07:51

Health: -1/59      AC:  5    Str:  8    XL:     10   Next: 67%
Magic:  10/10      EV: 19    Int: 11    God:    Hepliaklqana [**....]
Gold:   497        SH:  0    Dex: 23    Spells: 9/9 levels left

rFire   . . .        a - +3 shortbow
rCold   . . .        (shield currently unavailable)
rNeg    . . .        c - +0 leather armour
rPois   .            i - +1 helmet
rElec   .            (no cloak)
rCorr   .            (no gloves)
SInv    .            (no boots)
Will    .....        p - amulet of regeneration
Stlth   +++          (no ring)
HPRegen 1.09/turn    (no ring)
MPRegen 0.12/turn

%: no passive effects
@: no status effects
A: reduced essence, small, no large weapons, nightstalker 3
a: Renounce Religion, Recall Ancestor, Ancestor Identity


You were on level 8 of the Dungeon.
You worshipped Hepliaklqana.
Hepliaklqana was pleased with you.
You visited 2 branches of the dungeon, and saw 9 of its levels.

You collected 497 gold pieces.

Inventory:

Hand Weapons
 a - a +3 shortbow (weapon)
Missiles
 y - a throwing net
Armour
 c - a +0 leather armour (worn)
 i - a +1 helmet (worn)
 n - an orb of wrath
Jewellery
 p - an amulet of regeneration (around neck)
 z - a ring of wizardry
Wands
 q - a wand of charming (19)
 t - a wand of iceblast (4)
 x - a wand of flame (24)
Scrolls
 e - 2 scrolls of revelation
 j - a scroll of fear
 l - a scroll of vulnerability
 r - a scroll of fog
 s - a scroll of amnesia
 u - a scroll of enchant armour
Potions
 d - a potion of degeneration
 f - a potion of berserk rage
 g - 2 potions of resistance
 h - a potion of mutation
 k - a potion of heal wounds {unknown}
 m - 2 potions of curing {unknown}
 o - a potion of invisibility {unknown}
 v - 2 potions of brilliance {unknown}
 w - a potion of haste {unknown}


   Skills:
 - Level 9.1 Fighting
 - Level 15.2 Ranged Weapons
 + Level 7.3 Dodging
 - Level 1.3 Stealth


You had 9 spell levels left.
You didn't know any spells.
Your spell library contained the following spells:

 Spells                   Type           Power      Damage    Failure   Level
 Apportation              Tloc           0%         N/A       45%         1
 Kiss of Death            Conj/Necr      0%         2d5       45%         1
 Jinxbite                 Hex            0%         N/A       61%         2
 Confusing Touch          Hex            0%         N/A       83%         3
 Dispel Undead            Necr           0%         3d6       99%         4
 Alistair's Intoxication  Alch           0%         N/A       100%        5


Dungeon Overview and Level Annotations

Branches:
Dungeon (8/15)             Temple (1/1) D:5
   Lair: D:8-11

Altars:
Ashenzari
Cheibriados
Dithmenos
Elyvilon
Fedhas
Gozag
Hepliaklqana
Kikubaaqudgha
Makhleb
Okawaru
Qazlal
Ru
Sif Muna
Trog
Uskayaw
Vehumet
Wu Jian
Xom
Yredelemnul
Zin
The Shining One

Shops:
D:5 (


Innate Abilities, Weirdness & Mutations

Your life essence is reduced to manifest your ancestor. (-10% HP)
You are small and have problems with some larger weapons.
You are completely attuned to the shadows.


Message History

The death yak misses you.
You shoot an arrow. The arrow hits the death yak!
The death yak is almost dead.
The death yak gores you!!
You shoot an arrow. The arrow hits the death yak.
The death yak is almost dead.
The death yak gores you.
You shoot an arrow. The arrow hits the death yak!
You kill the death yak!
Your Dodging skill gained 2 levels and is now at level 7!
You shoot an arrow. The arrow barely misses the polar bear.
You shoot an arrow. The arrow hits the polar bear.
The polar bear is heavily wounded.
The polar bear misses you. The polar bear claws you.
The polar bear claws you but does no damage.
You shoot an arrow. The arrow barely misses the polar bear.
The polar bear completely misses you. x2; The polar bear misses you.
You shoot an arrow. The arrow hits the polar bear!
The polar bear is severely wounded.
The polar bear closely misses you. The polar bear barely misses you.
The polar bear claws you but does no damage.
You shoot an arrow. The arrow barely misses the polar bear.
You shoot an arrow.
The arrow closely misses the polar bear.
The polar bear goes berserk!
You shoot an arrow.
The arrow hits the polar bear but does no damage.
The polar bear is severely wounded.
The polar bear closely misses you. The polar bear completely misses you.
The polar bear claws you.
You shoot an arrow. The arrow hits the polar bear.
The polar bear is almost dead.
The polar bear bites you!!
* * * LOW HITPOINT WARNING * * *
The polar bear claws you but does no damage. x2
Unknown command.
You shoot an arrow. The arrow hits the polar bear.
The polar bear is almost dead.
The polar bear bites you!
You die...

.........~≈≈~~..#.###R
......#..~≈~≈≈..#.##.#
.#..#.#..~~~~~....###.
......#..~≈~~~...## #.
.####.#...~~~....# #.
#.#.....~...## #.
#...........# #.
#.######.#### #. #@#
#..# #. #h# #.## #. .
#.## #.# #.
..##..####.#########.
~b....b.#............
b.#b.bbb#.###........
...b.b....# ######.
b.#.bb..#.# #.
.~..b#b.b...# #.


You could see a polar bear (berserk).

Vanquished Creatures
  A death yak (D:8)
  A kobold demonologist (D:7)
  Sigmund (D:5)
  Menkaure (D:4)
  A steam dragon (D:6)
  An ice beast (D:7)
  2 sky beasts (D:8)
  4 black bears
  3 ogres
  2 phantoms (D:4)
  6 scorpions
  7 wights
  An electric eel (D:8)
  An orc priest (D:7)
  A wyvern simulacrum (D:8)
  3 bombardier beetles
  A jelly (D:8)
  4 hounds
  5 iguanas
  Ijyb (D:5)
  7 orc wizards
  4 sleepcaps
  A centaur simulacrum (D:8)
  Robin (D:4)
  7 gnolls
  14 adders
  2 shadow imps
  7 white imps
  3 ufetubi
  4 dart slugs (D:1)
  5 ribbon worms
  20 orcs
  6 bats
  7 endoplasms
  11 giant cockroaches
  14 goblins
  12 hobgoblins
  2 jackals (D:2)
  6 quokkas
  10 ball pythons
  4 frilled lizards
  6 kobolds
  6 rats
206 creatures vanquished.

Vanquished Creatures (collateral kills)
  A gnoll sergeant (D:8)
  4 wights
  A bombardier beetle (D:6)
  A sleepcap (D:6)
  A gnoll (D:8)
  A howler monkey simulacrum (D:8)
  2 orcs (D:7)
11 creatures vanquished.

Vanquished Creatures (others)
  An ancestor (D:7)
  A knight (D:8)
2 creatures vanquished.

Grand Total: 219 creatures vanquished

Notes
Turn   | Place    | Note
-------+----------+-------------------------------------------
     0 | D:1      | Newt the Kobold Hunter began the quest for the Orb.
     0 | D:1      | Reached XP level 1. HP: 12/12 MP: 1/1
   127 | D:1      | Reached XP level 2. HP: 18/18 MP: 2/2
   244 | D:1      | Reached skill level 6 in Ranged Weapons
   286 | D:1      | Reached XP level 3. HP: 22/22 MP: 3/3
   557 | D:1      | You fall into a shaft and drop 1 floor!
   629 | D:2      | Found a faded altar of an unknown god.
   707 | D:2      | Reached XP level 4. HP: 21/28 MP: 4/4
  1587 | D:2      | Reached skill level 7 in Ranged Weapons
  1967 | D:3      | Reached XP level 5. HP: 31/32 MP: 5/5
  2686 | D:3      | Found a shimmering altar of Xom.
  2799 | D:3      | Found a snail-covered altar of Cheibriados.
  2982 | D:4      | Found a burning altar of Makhleb.
  2991 | D:4      | Reached XP level 6. HP: 30/38 MP: 6/6
  3038 | D:4      | Reached skill level 8 in Ranged Weapons
  3414 | D:4      | Noticed Menkaure
  3605 | D:4      | Killed Menkaure
  3606 | D:4      | Reached skill level 9 in Ranged Weapons
  3606 | D:4      | Reached XP level 7. HP: 44/44 MP: 7/7
  3685 | D:4      | Reached skill level 5 in Fighting
  3931 | D:4      | Noticed Robin
  3936 | D:4      | Killed Robin
  3992 | D:4      | Found a white marble altar of Elyvilon.
  4002 | D:4      | Reached skill level 10 in Ranged Weapons
  4063 | D:5      | Entered Level 5 of the Dungeon
  4075 | D:5      | Identified the +6 spear of Ittax {flame, *Rage rPois Int+9
                  | Dex-3}
  4114 | D:5      | Reached XP level 8. HP: 51/51 MP: 8/8
  4117 | D:5      | Found a hide-covered altar of Uskayaw.
  4191 | D:5      | Noticed Ijyb
  4195 | D:5      | Killed Ijyb
  4337 | D:5      | Noticed Sigmund
  4359 | D:5      | Reached skill level 11 in Ranged Weapons
  4359 | D:5      | Killed Sigmund
  4475 | D:5      | Found Oqops's Weapon Emporium.
  4647 | D:5      | Found a staircase to the Ecumenical Temple.
  4658 | Temple   | Entered the Ecumenical Temple
  4677 | Temple   | Became a worshipper of Hepliaklqana the Forgotten
  4870 | D:5      | Reached skill level 12 in Ranged Weapons
  5040 | D:5      | Reached XP level 9. HP: 47/57 MP: 9/9
  5325 | D:6      | Reached skill level 13 in Ranged Weapons
  5854 | D:6      | Reached * piety under Hepliaklqana
  6458 | D:7      | Reached skill level 14 in Ranged Weapons
  6474 | D:7      | Noticed a kobold demonologist
  6479 | D:7      | Noticed a soul eater
  6480 | D:7      | Noticed a red devil
  6480 | D:7      | Killed a kobold demonologist
  6544 | D:7      | Reached XP level 10. HP: 58/58 MP: 10/10
  6839 | D:7      | Reached skill level 15 in Ranged Weapons
  7054 | D:8      | Reached ** piety under Hepliaklqana
  7055 | D:8      | Remembered your ancestor Arammadara as a knight
  7171 | D:8      | Reached skill level 5 in Dodging
  7349 | D:8      | Noticed a death yak
  7433 | D:8      | Killed a death yak
  7442 | D:8      | Slain by a polar bear

Illustrated notes

Levels and vault maps discovered:
D:1:      dpeg_arrival_lava_temple_mockup, layout_loops_corners
D:2:      layout_loops_ring, shapermc_ecumenical_altar_gd,
          minmay_misc_feat_hallway
D:3:      minmay_roachtagon, layout_loops_ring, chei_slow_surprise,
          regret_index_xom_buried_treasure, grunt_ministairs_9,
          minmay_surrounded
D:4:      layout_basic, nicolae_elyvilon_temple_path, kennysheep_flooded_box,
          minmay_ruined_shrine, uniq_menkaure, uniq_robin
D:5:      minmay_bubble_buster, layout_rooms, nicolae_uskayaw_dance_hall,
          minmay_temple_entry_stoned_glass, serial_shops, nicolae_square_shop,
          uniq_ijyb, uniq_sigmund
D:6:      layout_basic, st_stairs_4, minmay_misc_feat_doors, minivault_26,
          minmay_misc_feat_nine_boxes, minmay_misc_feat_chi
D:7:      layout_gridville
D:8:      layout_loops_ring, serial_ice, serial_ice_f, serial_ice_j,
          serial_ice_e, serial_ice_h
Temple:   nicolae_temple_bog_church

Skill      XL: |  1  2  3  4  5  6  7  8  9 10 |
---------------+-------------------------------+-----
Ranged Weapons | 6 7 9 10 12 14 15 | 15.2
Fighting       | 3 4 5 7 8 9 |  9.1
Dodging        | 7 |  7.3
Stealth        | |  1.3

Action                     |  1- 3 |  4- 6 |  7- 9 | 10-12 || total
---------------------------+-------+-------+-------+-------++-------
   Fire: Shortbow          |    89 |   147 |   302 |   146 ||   684
  Throw: Throwing net      |       |       |     1 |       ||     1
 Invoke: Recall Ancestor   |       |       |       |     2 ||     2
         Ancestor Life: Kn |       |       |       |     1 ||     1
  Evoke: Wand              |       |       |       |     3 ||     3
    Use: Scroll            |       |    10 |     6 |     2 ||    18
 Armour: Leather armour    |    12 |    17 |    59 |    23 ||   111
  Dodge: Dodged            |    33 |    42 |    68 |    19 ||   162

Table legend: (Time is in decaauts)
 A = Elapsed time spent in this place.
 B = Non-inter-level travel time spent in this place.
 C = Inter-level travel time spent in this place.
 D = Time resting spent in this place.
 E = Time spent auto-exploring this place.
 F = Levels seen in this place.
 G = Mean time per level.
                   A        B        C        D        E       F      G
               +--------+--------+--------+--------+--------+-----+--------+
         Total |   7394 |   7190 |    204 |    942 |   5149 |   9 |  821.6 |
       Dungeon |   7355 |   7188 |    167 |    942 |   5149 |   8 |  919.4 |
        Temple |     38 |      1 |     37 |      0 |      0 |   1 |   38.0 |
               +--------+--------+--------+--------+--------+-----+--------+

Top non-repeatable levels by time:
     D:6: 1228 daAuts
     D:4: 1139 daAuts
     D:1: 1089 daAuts
     D:5: 1030 daAuts
     D:3: 1018 daAuts
     D:2: 842 daAuts
     D:7: 545 daAuts
     D:8: 461 daAuts
  Temple: 38 daAuts
